 Dungeon Sprint DCSS version 0.27-a0-448-gace5c5693b (webtiles) character file.

Game seed: 11172198430543924255

2782 mhtbhm the Cleaver (level 9, -7/135 HPs)
             Began as a Minotaur Fighter on Feb 28, 2021.
             Was a High Priest of Trog.
             Killed from afar by a molten gargoyle (26 damage)
             ... with a bolt of magma
             ... in the Dungeon (Sprint VII: "The Pits").
             The game lasted 00:02:36 (1001 turns).

mhtbhm the Cleaver (Minotaur Fighter)               Turns: 1001, Time: 00:02:37

Health: -7/135     AC: 14    Str: 24    XL:     9   Next: 43%
Magic:  8/8        EV: 11    Int:  5    God:    Trog [*****.]
Gold:   0          SH: 13    Dex: 10    Spells: 8/8 levels left

rFire    . . .     SeeInvis .   a - +2 broad axe (vorpal)
rCold    . . .     Faith    .   c - +0 kite shield
rNeg     . . .     Spirit   .   b - +4 scale mail
rPois    .         Reflect  .   (helmet restricted)
rElec    .         Harm     .   (no cloak)
rCorr    .         Rampage  .   (no gloves)
Will     .....     NoTele   +   p - +0 pair of boots
Stlth    ..........             (no amulet)
HPRegen  0.32/turn              (no ring)
MPRegen  0.11/turn              (no ring)

@: berserking, very quick
A: retaliatory headbutt, horns 2
a: Renounce Religion, Berserk, Trog's Hand, Brothers in Arms


You were in the Dungeon.
You worshipped Trog.
Trog was extremely pleased with you.
You visited 1 branch

Inventory:

Hand Weapons
 a - a +2 vorpal broad axe (weapon)
 q - the +8 demon blade "Leech" {vamp, *Rage +Rage rN+}
   (You found it in the Dungeon)

   It inflicts no extra harm, but heals its wielder when it wounds a living foe.
   It protects you from negative energy.
   It lets you go berserk.
   It may make you go berserk in combat.
Armour
 b - a +4 scale mail (worn)
 c - a +0 kite shield (worn)
 p - a +0 pair of boots (worn)
Jewellery
 m - a +3 ring of protection
 n - a +3 ring of intelligence
Scrolls
 l - a scroll of summoning
Potions
 d - a potion of might
 e - 9 potions of curing
 f - 10 potions of heal wounds
 g - 2 potions of haste
 h - 4 potions of magic
 i - 3 potions of berserk rage
 k - 2 potions of invisibility
 o - a potion of resistance


   Skills:
 + Level 11.8 Fighting
 + Level 14.5 Axes
 + Level 12.4 Armour
 + Level 4.8 Dodging
 + Level 12.7 Shields


You had 8 spell levels left.
You didn't know any spells.
Your spell library was empty.

Dungeon Overview and Level Annotations

Branches:
Dungeon (1/1)

Altars:
Cheibriados
Dithmenos
Elyvilon
Fedhas
Gozag
Hepliaklqana
Makhleb
Nemelex Xobeh
Okawaru
Qazlal
Ru
Sif Muna
Trog
Vehumet
Wu Jian
Xom
Yredelemnul
Zin
The Shining One
Beogh
Jiyva
Lugonu


Innate Abilities, Weirdness & Mutations

You reflexively headbutt those who attack you in melee.
You have a pair of horns on your head.


Message History

You recover from your berserk rage.
You start resting.
HP restored.
Unknown command.
You see here a lindwurm skeleton.
A molten gargoyle comes into view. It is wielding a +0 dire flail.
The molten gargoyle blasts magma at you!
The bolt of magma hits you!!
A sixfirhy comes into view.
The sixfirhy hits you. The sixfirhy shocks you!
The sixfirhy closely misses you. You furiously retaliate!
You headbutt the sixfirhy, but do no damage.
The molten gargoyle blasts magma at you!
The bolt of magma hits you!!
* * * LOW HITPOINT WARNING * * *
You slash the molten gargoyle!
The molten gargoyle is almost destroyed.
You slash the sixfirhy! The sixfirhy hits you.
* * * LOW HITPOINT WARNING * * *
The sixfirhy shocks you!
* * * LOW HITPOINT WARNING * * *
The molten gargoyle blasts magma at you!
The bolt of magma misses you.
You feel much better. You block the molten gargoyle's attack.
A red film seems to cover your vision as you go berserk!
You feel yourself moving faster!
You feel mighty! You block the sixfirhy's attack.
The molten gargoyle blasts magma at you!
The bolt of magma hits you!
* * * LOW HITPOINT WARNING * * *
The sixfirhy hits you but does no damage.
You hit the molten gargoyle but do no damage.
The molten gargoyle is almost destroyed.
You miss the sixfirhy. The sixfirhy closely misses you.
You furiously retaliate!
You headbutt the sixfirhy!! The sixfirhy closely misses you.
You furiously retaliate!
You headbutt the sixfirhy!
The molten gargoyle blasts magma at you!
The bolt of magma hits you!!
You die...

#++##########
#.....3......
#....@9......
#..##########
#..# #..# ###
#..# ..# #..#
..# #..# ..#
#..#
..##########..#


You could see a sixfirhy and a molten gargoyle.

Vanquished Creatures
  A deep troll (D)
  A gargoyle (D)
  A jumping spider (D)
  A merfolk (D)
  A flying skull (D)
  A warg (D)
  A wolf (D)
  A jelly (D)
  A quasit (D)
  A hound (D)
  An iguana (D)
  An adder (D)
  2 river rats (D)
  A white imp (D)
  An ooze (D)
  A worm (D)
  An orc (D)
  A bat skeleton (D)
  2 bat zombies (D)
  A giant cockroach (D)
  A hobgoblin (D)
  A quokka (D)
  2 ball pythons (D)
  A kobold (D)
27 creatures vanquished.

Vanquished Creatures (collateral kills)
  A death knight (D)
  A lindwurm (D)
2 creatures vanquished.

Grand Total: 29 creatures vanquished

Notes
Turn   | Place    | Note
-------+----------+-------------------------------------------
     0 | D        | mhtbhm the Minotaur Fighter began the quest for the Orb.
     0 | D        | Reached XP level 1. HP: 19/19 MP: 0/0
    23 | D        | Found a bloodstained altar of Trog.
    23 | D        | Found a shimmering blue altar of Sif Muna.
    23 | D        | Found a viscous altar of Jiyva.
    23 | D        | Found a hazy altar of Hepliaklqana.
    23 | D        | Found an opulent altar of Gozag.
    24 | D        | Found a glowing golden altar of the Shining One.
    24 | D        | Found a glowing silver altar of Zin.
    24 | D        | Found a basalt altar of Yredelemnul.
    24 | D        | Found a shimmering altar of Xom.
    24 | D        | Found an ornate altar of the Wu Jian Council.
    24 | D        | Found a sacrificial altar of Ru.
    24 | D        | Found a stormy altar of Qazlal.
    24 | D        | Found an iron altar of Okawaru.
    24 | D        | Found a sparkling altar of Nemelex Xobeh.
    24 | D        | Found a burning altar of Makhleb.
    24 | D        | Found a blossoming altar of Fedhas.
    24 | D        | Found a white marble altar of Elyvilon.
    24 | D        | Found a shadowy altar of Dithmenos.
    24 | D        | Found a snail-covered altar of Cheibriados.
    26 | D        | Found a radiant altar of Vehumet.
    26 | D        | Found a corrupted altar of Lugonu.
    26 | D        | Found a roughly hewn altar of Beogh.
    28 | D        | Became a worshipper of Trog the Wrathful
    73 | D        | Reached * piety under Trog
    77 | D        | Reached skill level 5 in Shields
    77 | D        | Reached XP level 2. HP: 19/28 MP: 1/1
   179 | D        | Reached ** piety under Trog
   181 | D        | Reached skill level 5 in Armour
   182 | D        | Reached skill level 3 in Axes
   327 | D        | Noticed a flying skull
   327 | D        | Noticed a wolf
   331 | D        | Killed a wolf
   332 | D        | Reached skill level 4 in Axes
   332 | D        | Reached XP level 3. HP: 38/38 MP: 2/2
   332 | D        | Reached XP level 4. HP: 45/45 MP: 3/3
   332 | D        | Reached *** piety under Trog
   333 | D        | Reached skill level 5 in Axes
   333 | D        | Reached XP level 5. HP: 51/51 MP: 4/4
   338 | D        | Reached skill level 1 in Dodging
   339 | D        | Killed a flying skull
   339 | D        | Reached **** piety under Trog
   340 | D        | Reached skill level 7 in Axes
   340 | D        | Reached XP level 6. HP: 62/62 MP: 5/5
   380 | D        | Reached ***** piety under Trog
   381 | D        | Reached skill level 8 in Axes
   408 | D        | Noticed a merfolk
   408 | D        | Noticed a warg
   415 | D        | Killed a warg
   415 | D        | Received a gift from Trog
   416 | D        | Reached skill level 9 in Axes
   416 | D        | Reached skill level 10 in Armour
   416 | D        | Reached skill level 10 in Shields
   416 | D        | Reached XP level 7. HP: 70/70 MP: 6/6
   425 | D        | Killed a merfolk
   426 | D        | Reached skill level 10 in Axes
   430 | D        | Found the +8 demon blade "Leech" {vamp, *Rage +Rage rN+}
   559 | D        | Noticed a gargoyle
   560 | D        | Noticed a deep troll
   563 | D        | Killed a gargoyle
   564 | D        | Reached skill level 10 in Fighting
   564 | D        | Reached skill level 11 in Axes
   564 | D        | Reached XP level 8. HP: 79/79 MP: 7/7
   572 | D        | Killed a deep troll
   573 | D        | Reached skill level 12 in Axes
   653 | D        | Noticed a lindwurm
   653 | D        | Noticed a death knight
   653 | D        | Noticed a jumping spider
   660 | D        | Killed a jumping spider
   668 | D        | Killed a lindwurm
   669 | D        | Reached skill level 13 in Axes
   669 | D        | Reached XP level 9. HP: 40/89 MP: 8/8
   671 | D        | Killed a death knight
   671 | D        | Received a gift from Trog
   672 | D        | Reached skill level 14 in Axes
   993 | D        | Noticed a molten gargoyle
   996 | D        | Noticed a sixfirhy
   998 | D        | HP: 1/90 [sixfirhy (11)]
  1001 | D        | Killed from afar by a molten gargoyle

Illustrated notes

Levels and vault maps discovered:
D:        pitsprint [storerooms_1, entrance_room_1, metal_vault_6, armoury_2,
          mini_pit_1, grid_room_1, main_hall_1, silver_pit, the_coven_3,
          the_vestibule_1, steel_vault_2, golden_pit, hallway_of_sentries,
          crystal_vault_3, iron_vault_1, final_vault]

Skill      XL: |  1  2  3  4  5  6  7  8  9 |
---------------+----------------------------+-----
Fighting       | 4 6 8 9 10 11 | 11.8
Armour         | 4 7 9 10 11 12 | 12.4
Shields        | 5 7 9 10 11 12 | 12.7
Axes           | 4 5 7 9 11 13 14 | 14.5
Dodging        | 1 2 4 |  4.8

Action                   |  1- 3 |  4- 6 |  7- 9 || total
-------------------------+-------+-------+-------++-------
Melee: Hand axe          |    16 |    30 |     9 ||    55
       War axe           |     4 |       |    18 ||    22
       Headbutt          |     5 |     1 |     3 ||     9
       Broad axe         |       |       |     2 ||     2
Invok: Berserk           |     1 |     1 |     2 ||     4
       Brothers in Arms  |       |       |     1 ||     1
  Use: Potion            |       |       |     2 ||     2
       Scroll            |       |       |     1 ||     1
Armor: Scale mail        |    13 |       |     8 ||    21
       Chain mail        |     1 |     9 |     2 ||    12
Dodge: Dodged            |     9 |     8 |    19 ||    36
Block: Kite shield       |    13 |    21 |    23 ||    57

Table legend: (Time is in decaauts)
 A = Elapsed time spent in this place.
 B = Non-inter-level travel time spent in this place.
 C = Inter-level travel time spent in this place.
 D = Time resting spent in this place.
 E = Time spent auto-exploring this place.
 F = Levels seen in this place.
 G = Mean time per level.
                   A        B        C        D        E       F      G
               +--------+--------+--------+--------+--------+-----+--------+
         Total |   1025 |   1025 |      0 |    499 |    106 |   1 | 1025.0 |
       Dungeon |   1025 |   1025 |      0 |    499 |    106 |   1 | 1025.0 |
               +--------+--------+--------+--------+--------+-----+--------+

Top non-repeatable levels by time:
       D: 1025 daAuts
